 Dungeon Crawl Stone Soup version 0.21.1-77-g46dbe93d77 (webtiles) character file.

415 JamesBald the Cudgeler (level 6, -1/53 HPs)
             Began as a Draconian Berserker on Aug 31, 2018.
             Was a Priest of Trog.
             Shot with an arrow by a centaur (4 damage)
             ... on level 4 of the Dungeon.
             The game lasted 00:14:32 (4287 turns).

JamesBald the Cudgeler (Draconian Berserker)        Turns: 4287, Time: 00:14:33

Health: -1/53      AC:  8    Str: 21    XL:     6   Next: 60%
Magic:  6/6        EV: 11    Int:  8    God:    Trog [***...]
Gold:   93         SH:  8    Dex: 10    Spells: 5/5 levels left

rFire    . . .     SeeInvis .   y - +2 rapier (elec)
rCold    . . .     Gourm    .   q - +0 shield
rNeg     . . .     Faith    .   (armour unavailable)
rPois    .         Spirit   .   (helmet restricted)
rElec    .         Reflect  .   r - +0 cloak (curse)
rCorr    .         Harm     .   l - +0 pair of gloves (curse)
MR       ++...                  (no boots)
Stlth    +.........             x - amulet of regeneration
HPRegen  1.57/turn              (no ring)
MPRegen  0.10/turn              (no ring)

@: regenerating
A: unfitting armour, cold-blooded, AC +6
a: Berserk, Trog's Hand, Burn Spellbooks, Renounce Religion


You were on level 4 of the Dungeon.
You worshipped Trog.
Trog was most pleased with you.
You were full.

You visited 1 branch of the dungeon, and saw 4 of its levels.

You collected 93 gold pieces.

Inventory:

Hand Weapons
 a - a +0 mace
 u - a +0 flail
 y - a +2 rapier of electrocution (weapon)
Armour
 e - a +0 cloak
 l - a cursed +0 pair of gloves (worn)
 q - a +0 shield (worn)
 r - a cursed +0 cloak (worn)
Jewellery
 x - an amulet of regeneration (around neck)
Wands
 s - a wand of polymorph (14)
Scrolls
 c - a scroll of remove curse {unknown}
 j - 2 scrolls of blinking
 k - 5 scrolls of teleportation
 m - a scroll of enchant weapon {unknown}
 p - 3 scrolls of identify
 t - a scroll of enchant armour {unknown}
 w - a scroll of random uselessness {unknown}
Potions
 d - 2 potions of lignification
 f - a potion of ambrosia {unknown}
 g - 2 potions of haste
 h - a potion of heal wounds {unknown}
 i - a potion of berserk rage
 n - 3 potions of mutation {unknown}
 o - 3 potions of brilliance
 v - a potion of flight
 z - a potion of agility {unknown}
Comestibles
 b - 3 rations


   Skills:
 + Level 4.4 Fighting
 + Level 4.9 Maces & Flails
 + Level 4.5 Dodging
 + Level 0.8 Stealth
 + Level 2.3 Shields


You had 5 spell levels left.
You didn't know any spells.

Dungeon Overview and Level Annotations

Branches:
Dungeon (4/15)
 Temple: D:4-7

Altars:

Shops:
D:4 !


Innate Abilities, Weirdness & Mutations

Your plain brown scales are hard. (AC +6)
You cannot fit into any form of body armour.
You are cold-blooded and may be slowed by cold attacks.


Message History

The centaur shoots an arrow.
The arrow hits you!
You see here an arrow.
The centaur shoots an arrow.
The arrow hits you.
You see here an arrow.
The centaur shoots an arrow.
The arrow hits you!
The centaur shoots an arrow.
The arrow hits you!
You see here 2 arrows.
The centaur shoots an arrow.
The arrow hits you!
* * * LOW HITPOINT WARNING * * *
The centaur shoots an arrow.
You block the arrow.
Found a scroll labeled ZIHYGAK SUINEA.
You see here 2 arrows.
Your skin crawls.
You feel resistant to hostile enchantments.
You feel somewhat less full.
The centaur shoots an arrow.
You block the arrow.
The centaur shoots an arrow.
The arrow hits you!
* * * LOW HITPOINT WARNING * * *
You see here an arrow.
The centaur shoots an arrow.
The arrow hits you.
You die...

# #.##....#.....#
####.##....#.....#
#.........#.....#######
#...#.....#..(((.......
##...#.....'..(.(.......
.....##....#.##.........
.....#######.##.(.......
...### #.##.(.......
...# #.##.@..c.... ...#
#.##......... ...#
#............ ...#
#####........ ...#
#........ ...# #....?...
...# #........ .<.#
#########


You could see a centaur.

Vanquished Creatures
  The ghost of tidbits the Thaumaturge, an amateur GnWn (D:3)
  A crimson imp (D:4)
  2 orc priests
  A worker ant (D:2)
  Robin (D:2)
  2 adders (D:2)
  3 gnolls (D:4)
  5 oozes (D:1)
  3 worms
  3 dart slugs
  A leopard gecko (D:3)
  9 orcs
  2 ball pythons (D:3)
  6 bats
  5 giant cockroaches
  16 goblins
  8 hobgoblins
  22 jackals
  6 kobolds
  A quokka (D:3)
  6 frilled lizards
  A leopard gecko skeleton (D:4)
  6 rats
111 creatures vanquished.

Notes
Turn   | Place    | Note
-------+----------+-------------------------------------------
     0 | D:1      | JamesBald the Draconian Berserker began the quest for the Orb.
     0 | D:1      | Reached XP level 1. HP: 19/19 MP: 1/1
     1 | D:1      | Found a runed door.
    35 | D:1      | Reached XP level 2. HP: 14/26 MP: 2/2
    56 | D:1      | Reached XP level 3. HP: 19/33 MP: 3/3
   686 | D:1      | Reached ** piety under Trog
   973 | D:2      | Reached XP level 4. HP: 40/40 MP: 4/4
  1691 | D:2      | Noticed Robin
  1720 | D:3      | Reached XP level 5. HP: 15/46 MP: 5/5
  1739 | D:3      | HP: 1/46 [goblin/dagger (5)]
  2228 | D:3      | Noticed tidbits's ghost (amateur GnWn)
  2249 | D:3      | Killed tidbits's ghost
  2249 | D:3      | Reached skill level 1 in Shields
  2470 | D:2      | Killed Robin
  2790 | D:3      | Reached XP level 6. HP: 34/52 MP: 6/6
  3179 | D:3      | Reached *** piety under Trog
  3763 | D:4      | Found Cupu's Distillery.
  4286 | D:4      | HP: 2/53 [centaur/arrow (13)]
  4287 | D:4      | Shot with an arrow by a centaur

Skill      XL: |  1  2  3  4  5 |
---------------+----------------+-----
Dodging        | 3 4 |  4.5
Fighting       | 4 |  4.4
Maces & Flails | 4 |  4.9
Shields        | 2 |  2.3
Stealth        | |  0.8

Action                   |  1- 3 |  4- 6 || total
-------------------------+-------+-------++-------
Melee: Mace              |    94 |   161 ||   255
       Tailslap          |     8 |    28 ||    36
       Flail             |       |    83 ||    83
       Rapier            |       |     3 ||     3
Invok: Berserk           |     1 |     3 ||     4
       Trog's Hand       |       |     3 ||     3
  Use: Potion            |       |     4 ||     4
       Scroll            |       |     3 ||     3
 Stab: Sleeping          |       |     3 ||     3
  Eat: Ration            |     1 |     5 ||     6
Armor: Skin              |    26 |   135 ||   161
Dodge: Dodged            |    88 |   211 ||   299
Block: Shield            |     3 |   180 ||   183
